[Event "AUT Bundesliga Women 2021-22"]
[Site "Austria"]
[Date "2022.04.22"]
[Round "8.17"]
[White "Matnadze, Ana"]
[Black "Mihok-Juhasz, Barbara"]
[Result "1/2-1/2"]
[ECO "E62"]
[WhiteElo "2407"]
[BlackElo "2207"]
[Annotator "TA"]
[PlyCount "113"]
[EventDate "2021.11.06"]
[EventType "team-tourn"]
[EventCountry "AUT"]
[SourceTitle "playchess.com"]
[Source "ChessBase"]
[SourceQuality "1"]
[TimeControl "40/5400+30:1800+30"]

1. d4 Nf6 2. Nf3 g6 3. g3 Bg7 4. Bg2 O-O 5. O-O d6 6. c4 Nc6 7. Nc3 e5 8. dxe5 dxe5 9. Bg5 h6 10. Qxd8 Rxd8 11. Bxf6 {[%emt 0:00:05] E62: King's Indian: Fianchetto: 6...c6 and Panno Variation (6...Nc6) without ...a6.} Bxf6 12. Nd5 Kg7 13. Nd2 {[%emt 0:03:56] [#] White is more active.} (13. Nxc7 $14 Rb8 14. e4) 13... Be7 $146 ({Predecessor:} 13... Rd7 14. Ne4 Be7 15. Nxe7 Rxe7 16. Nc5 Nd4 17. e3 Ne6 18. Nxb7 Bxb7 19. Bxb7 Rb8 {½-½ (38) Maze,S (2539)-Theodorou,N (2584) Paleochora 2021}) 14. Nb3 Bf8 15. Nxc7 Rb8 16. Rfd1 Bg4 17. f3 {[%emt 0:01:25] [#] aiming for Rxd8.} (17. Bf3 Bxf3 18. exf3) 17... Bf5 18. e4 Be6 19. Nd5 a5 20. a4 b6 21. f4 Bc5+ 22. Kh1 Nd4 23. Nxd4 Bxd4 {[%emt 0:00:06] A strong pair of Bishops.} 24. Rab1 f6 25. b3 Bc5 {[%emt 0:02:55] [#]} 26. Bf3 (26. f5 $1 $16 Bxd5 27. exd5) 26... Rd6 27. Nc7 {[%emt 0:02:35] Strongly threatening Rxd6.} Bf7 (27... Bh3 $11 {deserves consideration.}) 28. Nb5 Rdd8 29. Kg2 Kf8 30. h4 h5 31. fxe5 fxe5 32. g4 hxg4 33. Bxg4 Kg7 34. Nc7 Bd6 35. Nd5 Bc5 36. Rd3 Bxd5 37. Rxd5 Rxd5 (37... Rf8 $11 {remains equal.}) 38. cxd5 $14 {[%emt 0:01:20][%mdl 4096] Endgame KRB-KRB} Rf8 39. Bf3 Rf6 40. Rc1 Kf8 41. Rh1 Bd4 42. Rh3 Ke7 43. Kf1 Kd6 44. Ke2 Kc5 45. Kd2 Kb4 46. Be2 Bc5 $1 (46... Rf2 $2 47. d6 $18) 47. Rd3 Bd4 48. Rh3 Bc5 (48... Rf2 $2 49. d6 $18) 49. h5 gxh5 50. Rxh5 Bd4 51. Rh3 Bc5 52. Rd3 Rh6 53. Rf3 Bd4 54. Rg3 Bc5 55. Rd3 Bd4 56. Rg3 Bc5 57. Rd3 {[%emt 0:00:06] Weighted Error Value: White=0.13 (very precise) /Black=0.12 (very precise)} 1/2-1/2

[Event "AUT Bundesliga Women 2021-22"]
[Site "Austria"]
[Date "2022.04.22"]
[Round "8.18"]
[White "Miturova, Magdalena"]
[Black "Injac, Teodora"]
[Result "1/2-1/2"]
[ECO "A05"]
[WhiteElo "2210"]
[BlackElo "2406"]
[Annotator "TA"]
[PlyCount "94"]
[EventDate "2021.11.06"]
[EventType "team-tourn"]
[EventCountry "AUT"]
[SourceTitle "playchess.com"]
[Source "ChessBase"]
[SourceQuality "1"]
[TimeControl "40/5400+30:1800+30"]

1. Nf3 Nf6 2. g3 g6 3. b3 Bg7 4. Bb2 d6 5. d4 b5 6. Bg2 {[%emt 0:02:22][%cal Of3e5] A49: 1 d4 Nf6 2 Nf3 g6 3 g3: Anti-King's Indian systems.} Bb7 {[%emt 0:00:12] [#]} 7. c4 $146 (7. Qd3 $5 ) ({Predecessor:} 7. O-O O-O 8. Re1 Nbd7 9. Nbd2 c5 10. c4 bxc4 11. Nxc4 Rc8 12. Rc1 cxd4 13. Bxd4 {1-0 (49) Wojtaszek,R (2686)-Demchenko,A (2654) Warsaw 2021}) 7... bxc4 8. bxc4 Nbd7 9. O-O Rb8 {[%emt 0:02:54] Threatens to win with ...Bxf3.} 10. Qc1 O-O 11. Nbd2 Ne4 12. Nb3 c5 13. d5 e6 14. Bxg7 Kxg7 15. Nfd2 exd5 16. cxd5 Nef6 (16... Nxd2 $11 17. Qxd2 Ba6) 17. e4 (17. Qc3 $1 $14) 17... Ba6 $11 18. Re1 Qb6 19. Qc3 Qb4 $36 {[%emt 0:05:17][%mdl 2048] Black has good play.} 20. Rac1 Rfe8 21. Re3 Qxc3 22. Rexc3 Rb4 23. f3 Ra4 24. R1c2 Nb6 {[%emt 0:03:00] Prevents Nc4.} 25. Nc1 h5 26. Rb3 Nfd7 27. Bf1 Bxf1 (27... Kh6 $5 ) 28. Kxf1 f5 29. Ne2 Nf6 30. Nc3 Rb4 31. Rxb4 cxb4 32. Nb5 Rc8 (32... fxe4 $11 33. Nxd6 (33. Rc7+ Kf8 $11) 33... Rf8) 33. Rb2 (33. Rc6 $16) 33... fxe4 34. fxe4 Rc1+ 35. Ke2 a5 36. Nxd6 {[%emt 0:00:15] Strongly threatening Nb3.} Na4 {[%emt 0:00:30] [#]} 37. Nb3 $1 Rh1 38. Rd2 {[%emt 0:00:44] Kd3 is the strong threat.} Nc3+ {[%emt 0:00:35] [#]} (38... Rxh2+ $14 39. Kd3 Rxd2+ 40. Nxd2 Nc3) 39. Kd3 $1 $18 a4 {[%emt 0:00:34] [#]} 40. Nc5 Ng4 41. Rb2 a3 (41... Kf6 {is a better defense.} 42. Rxb4 Nxa2) 42. Rxb4 Nxa2 43. Rb7+ Kg8 44. Rb8+ Kh7 45. Rb7+ (45. Ra8 $142) 45... Kg8 46. Rb8+ Kh7 $1 47. Rb7+ (47. Ra8 $142) 47... Kg8 {[%emt 0:00:07][%mdl 32768] Weighted Error Value: White=0.33/Black=0.21 (precise) . An unexpected result.} 1/2-1/2

[Event "AUT Bundesliga Women 2021-22"]
[Site "Austria"]
[Date "2022.04.22"]
[Round "8.19"]
[White "Worek, Joanna"]
[Black "Cvitan, Ena"]
[Result "0-1"]
[ECO "B12"]
[WhiteElo "2277"]
[BlackElo "2238"]
[Annotator "TA"]
[PlyCount "86"]
[EventDate "2021.11.06"]
[EventType "team-tourn"]
[EventCountry "AUT"]
[SourceTitle "playchess.com"]
[Source "ChessBase"]
[SourceQuality "1"]
[TimeControl "40/5400+30:1800+30"]

1. e4 c6 2. d4 d5 3. e5 Bf5 4. c4 e6 5. Nc3 Ne7 6. h3 {[%emt 0:01:19] B12: Caro-Kann: Advance Variation.} Nd7 7. Nf3 h6 8. b3 {[%emt 0:04:59] [#] The position is equal.} Be4 $146 ({Predecessor:} 8... Ng6 9. a3 dxc4 10. bxc4 c5 11. g4 cxd4 12. Nxd4 Bxg4 13. hxg4 Ndxe5 14. Be2 Bc5 {1-0 (61) Carlsen,M (2862)-Vachier Lagrave,M (2784) Chess.com INT 2020}) 9. Bd3 Qa5 (9... Bxf3 $11 {remains equal.} 10. Qxf3 dxc4 11. bxc4 c5 12. Qxb7 (12. Nb5 Nc6 $15) 12... Rb8 13. Qxa7 Nc8) 10. Bb2 (10. Bxe4 $16 {[%cal Oc1d2] Hoping for Bd2!} dxe4 11. Bd2 $1 exf3 12. Ne4) 10... Nf5 $11 {[%emt 0:03:33] Strongly threatening ...Ba3.} 11. Bxe4 dxe4 12. g4 exf3 13. gxf5 Nxe5 ({But not} 13... exf5 14. Qxf3 g6 15. O-O-O $16) (13... Ba3 $5 14. Bxa3 Qxc3+ 15. Kf1 c5 $11) 14. fxe6 ({White should play} 14. Qc2 $14) 14... O-O-O $1 $15 {[%emt 0:01:23] Threatens to win with ...Ba3. Black is more active.} 15. Kf1 {[%emt 0:10:10] Black converts the advantage convincingly.} ({Wrong is} 15. exf7 $2 Ba3 16. Bxa3 (16. b4 $2 Qxb4 17. Bxa3 Qxc3+ 18. Kf1 Rxd4 $19) 16... Qxc3+ 17. Kf1 Nxf7 $19) (15. Qd2 $142) 15... fxe6 16. Ne4 (16. Na4 $17 {was called for.}) 16... Be7 (16... Ba3 $19 17. Bc3 Bb4) 17. Qc2 (17. Rg1 $17 g5 18. Rg3) 17... Ng6 $1 $19 18. Ng3 (18. Nd2 $142) 18... Nh4 19. Bc3 Bb4 20. Bxb4 Qxb4 21. Qe4 g5 22. Rd1 Qd6 23. Qe3 Rhf8 24. Ne4 Qe7 25. Nc3 Ng2 26. Qd3 Qf7 27. b4 Qf5 28. Qd2 (28. a3 $142) 28... Qf4 29. Qd3 Qf5 30. Qd2 $1 Qf4 31. Qd3 $1 Rd7 {[%emt 0:00:44] ...Rfd8 is the strong threat.} 32. b5 cxb5 33. Nxb5 a6 34. Nc3 Rfd8 35. d5 Kb8 36. Rb1 Rc7 37. Ne4 {[%emt 0:00:17] [#]} (37. Ne2 $142 Qxc4 38. Qxc4 Rxc4 39. dxe6) 37... exd5 (37... Rxd5 $142 $3 38. Qb3 {[#]} Rb5 $3 39. cxb5 Rc1+ 40. Qd1 Rxd1+ 41. Rxd1 Qxe4) 38. Nd2 Rdc8 39. Qxd5 Nh4 40. Rg1 $2 (40. Ne4 Nf5 41. c5) 40... Qh2 {[%emt 0:00:24] White must now prevent ...Re8.} 41. Qe6 {[%emt 0:05:21] Prevents Re8.} Rd8 42. Ne4 Rcd7 43. Nc3 Rd2 {[%emt 0:05:48] Weighted Error Value: White=0.78/Black=0.50} 0-1

[Event "AUT Bundesliga Women 2021-22"]
[Site "Austria"]
[Date "2022.04.22"]
[Round "8.20"]
[White "Exler, Veronika"]
[Black "Theissl Pokorna, Regina"]
[Result "0-1"]
[ECO "B22"]
[WhiteElo "2140"]
[BlackElo "2298"]
[Annotator "TA"]
[PlyCount "104"]
[EventDate "2021.11.06"]
[EventType "team-tourn"]
[EventCountry "AUT"]
[SourceTitle "playchess.com"]
[Source "ChessBase"]
[SourceQuality "1"]
[TimeControl "40/5400+30:1800+30"]

1. e4 c5 2. c3 Nf6 3. e5 Nd5 4. d4 cxd4 5. Nf3 e6 6. cxd4 d6 7. Bc4 Nc6 8. O-O Be7 9. Qe2 O-O 10. Nc3 dxe5 11. dxe5 Nxc3 12. bxc3 b6 13. Qe4 {[%emt 0:02:19] [#] And now Bd3 would win.} Qc7 {[%emt 0:00:17] B22: Sicilian: 2 c3.} 14. Bd3 g6 15. Bh6 Rd8 {[%emt 0:00:19] The position is equal.} 16. Rad1 Bb7 17. Qf4 {[%emt 0:00:20] Inhibits Nb4.} Rd5 18. Be4 Rxd1 19. Rxd1 Rd8 20. Rxd8+ Nxd8 21. Bxb7 Nxb7 22. h3 Nc5 {[%emt 0:12:42] [#] Inhibits Qa4.} ({But not} 22... Qxc3 23. Qa4 Qc8 24. Qxa7 $14) 23. Ng5 $146 ({Predecessor:} 23. h4 b5 24. h5 a6 25. Bg5 Bf8 26. hxg6 hxg6 27. Bf6 Nd7 28. Qh4 Bg7 29. Ng5 {½-½ (66) Allemann,A (2241)-Gruenenwald,J (2366) Switzerland 2005}) 23... f6 24. Nf3 f5 25. Qc4 Qd7 26. Be3 Qd1+ 27. Kh2 {[%emt 0:00:18] Strongly threatening Bxc5.} Qd3 28. Qxd3 Nxd3 $11 {[%emt 0:00:05][%mdl 4096] Endgame KBN-KBN} 29. Kg1 Bd8 (29... Bc5 $15) 30. Kf1 Bc7 31. Bd4 h6 32. h4 a5 33. g3 b5 34. a3 Bd8 (34... Nb2 $15) 35. Ke2 Nb2 36. Nd2 Be7 37. c4 $1 Nxc4 38. Nxc4 bxc4 $15 {[%emt 0:00:04] KB-KB} 39. a4 Bb4 {[%emt 0:00:56] Prevents Bc3.} (39... Kf7 $17 {Hoping for ...Bb4.} 40. Bc3 Ke8 41. Bxa5 Kd7) 40. Bb6 $2 {[%emt 0:00:55][%mdl 8192] [#]} (40. Be3 $1 $11 {and White stays safe.}) 40... Bc3 $2 (40... Kf7 $19 {White must now prevent ...Ke8.} 41. Ke3 Be1) 41. Be3 $1 Bxe5 {[%emt 0:07:36] ...h5 is the strong threat.} 42. Bxh6 Kf7 43. Bf4 $2 (43. Kd1 $15) 43... Bd4 $2 (43... Bxf4 $19 44. gxf4 Kf6) 44. Bc7 Bc3 45. f3 e5 46. g4 Ke6 47. Bb6 e4 (47... Bb4 $5 48. h5 gxh5 49. gxh5 f4 $17) 48. g5 $2 (48. gxf5+ $17 Kxf5 49. Ke3) 48... exf3+ $19 {[%emt 0:01:37] Black is clearly winning.} 49. Kxf3 Be1 50. Ke2 Bxh4 51. Bxa5 Bxg5 52. Bb6 Kd5 {[%emt 0:00:14] Weighted Error Value: White=0.69/Black=0.44} 0-1

[Event "AUT Bundesliga Women 2021-22"]
[Site "Austria"]
[Date "2022.04.23"]
[Round "9.2"]
[White "Batyte, Daiva"]
[Black "Miturova, Magdalena"]
[Result "1/2-1/2"]
[ECO "A13"]
[WhiteElo "2105"]
[BlackElo "2210"]
[Annotator "TA"]
[PlyCount "62"]
[EventDate "2021.11.06"]
[EventType "team-tourn"]
[EventCountry "AUT"]
[SourceTitle "playchess.com"]
[Source "ChessBase"]
[SourceQuality "1"]
[TimeControl "40/5400+30:1800+30"]

1. c4 Nf6 2. g3 e6 3. Bg2 d5 4. Nf3 dxc4 5. a4 Nc6 6. Na3 {[%emt 0:12:48] A13: English Opening: 1...e6.} Na5 ({Black should try} 6... Bxa3 $15 7. bxa3 e5) 7. O-O $11 {[%emt 0:01:15] [#]} Nd5 $146 ({Predecessor:} 7... Qd5 8. Qc2 Bd6 9. Rd1 Nb3 10. Rb1 Bxa3 11. bxa3 Bd7 12. Bb2 Bxa4 13. Bxf6 gxf6 {½-½ (23) Neshkov,V (2186)-Terentiev,V (2301) Voronezh 2009}) 8. Ne5 Nb6 (8... Bxa3 $142 9. Rxa3 f6) 9. d3 Nb3 10. Ra2 (10. Rb1 {seems wilder.} Nxc1 11. Rxc1 Bxa3 12. bxa3 cxd3 13. a5) 10... Nxc1 11. Qxc1 cxd3 12. Nxd3 Bxa3 13. Rxa3 O-O 14. a5 Nd5 15. Rd1 c6 16. a6 bxa6 17. Qxc6 (17. Ne5 $5 ) 17... Rb8 18. Qc1 Qb6 19. e4 Nb4 20. Nc5 e5 21. h3 {[%emt 0:03:40] Prevents Bg4.} Be6 22. Nxe6 {[%emt 0:03:46] The position is equal.} Qxe6 23. Bf1 Qb6 24. Qc3 f6 {[%emt 0:02:57] [#]} 25. Bxa6 $1 {[%emt 0:00:52][%cal Od1d7][%mdl 64] Decoy} Nxa6 (25... Kh8 26. Bc4) 26. Qc4+ Kh8 27. Rxa6 Qxb2 28. Rxa7 Rbc8 29. Qe6 {[%emt 0:02:30] [#] Qg4 is the strong threat.} Rc1 30. Qd7 Rxd1+ 31. Qxd1 Qb5 {[%emt 0:03:49] Weighted Error Value: White=0.08 (flawless) /Black=0.11 (very precise)} 1/2-1/2

[Event "AUT Bundesliga Women 2021-22"]
[Site "Austria"]
[Date "2022.04.23"]
[Round "9.3"]
[White "Exler, Veronika"]
[Black "Mar, Karmen"]
[Result "0-1"]
[ECO "D12"]
[WhiteElo "2089"]
[BlackElo "2074"]
[Annotator "TA"]
[PlyCount "72"]
[EventDate "2021.11.06"]
[EventType "team-tourn"]
[EventCountry "AUT"]
[SourceTitle "playchess.com"]
[Source "ChessBase"]
[SourceQuality "1"]
[TimeControl "40/5400+30:1800+30"]

1. d4 d5 2. c4 c6 3. e3 Nf6 4. Nf3 Bf5 5. Nc3 e6 6. Nh4 Be4 7. f3 Bg6 8. Qb3 Qc7 9. Bd2 {[%emt 0:00:11] D12: Slav Defence: 3 Nf3 Nf6 4 e3 Bf5.} Be7 10. Nxg6 hxg6 11. O-O-O {[%emt 0:00:06] The position is equal.} dxc4 12. Bxc4 b5 13. Bd3 a6 14. Ne4 Nxe4 15. Bxe4 Nd7 {[%emt 0:08:01] [#]} 16. f4 $146 (16. Kb1 $5 ) ({Predecessor:} 16. Kb1 Rd8 17. Qc3 c5 18. dxc5 Nf6 19. Qa5 Qc8 20. Bc2 Bxc5 21. e4 O-O 22. Bb3 {1-0 (46) Ovchinnikov,V (2349)-Bazeev,G (2401) St Petersburg 2020}) 16... Rc8 17. Bf3 (17. Kb1 $11) 17... c5 $15 18. d5 (18. Kb1 $11 {keeps the balance.}) 18... c4 $17 19. Qc2 {[%emt 0:00:40] dxe6 is the strong threat.} c3 20. bxc3 (20. Bxc3 $2 exd5 21. Be2 (21. Rxd5 $2 b4 $19) 21... O-O $17) 20... exd5 21. Bxd5 (21. Kb1 $15) 21... Nb6 22. Qb3 (22. e4 $17 {might work better.}) 22... Bf6 {[%emt 0:01:46] Strongly threatening ...b4.} 23. e4 Bxc3 24. Bxc3 {[%emt 0:01:21] [#] And now Rd3 would win.} Qxc3+ (24... Na4 $1 $19 25. Rdf1 O-O) 25. Qxc3 $15 Rxc3+ 26. Kb1 Ke7 27. Bb7 ({White should try} 27. e5 $15) 27... a5 28. Rc1 Na4 {[%emt 0:03:10] Black is more active.} 29. h3 Rd8 30. Rxc3 (30. Bd5 $17) 30... Nxc3+ $17 {[%emt 0:00:01][%mdl 4096] Endgame KRB-KRN} 31. Kb2 b4 32. a3 (32. Kb3 {was called for.}) 32... Na4+ $19 33. Kb1 {[%emt 0:00:47] [#]} (33. Ka1 $142 Rd2 34. axb4 axb4 35. Bd5) 33... Rd2 $1 {[%emt 0:01:29] Black is clearly winning.} 34. axb4 axb4 ({Weaker is} 34... Rxg2 35. Rc1 $19) 35. Kc1 (35. Bd5 $142 b3 36. Bxb3 (36. Rc1 $2 Rb2+ 37. Ka1 Rc2 $19) 36... Rb2+ 37. Kc1 Rxb3 38. Re1) 35... Ra2 {[%emt 0:00:33] ( -> ...b3)} 36. Rd1 b3 {[%emt 0:01:01] Weighted Error Value: White=0.49/Black=0.15 (very precise)} 0-1

[Event "AUT Bundesliga Women 2021-22"]
[Site "Austria"]
[Date "2022.04.23"]
[Round "9.4"]
[White "Gritsch, Borbala"]
[Black "Moerwald, Miriam"]
[Result "0-1"]
[ECO "C01"]
[WhiteElo "1485"]
[BlackElo "1737"]
[Annotator "NA RC COMBH"]
[PlyCount "83"]
[EventDate "2021.11.06"]
[EventType "team-tourn"]
[EventCountry "AUT"]
[SourceTitle "playchess.com"]
[Source "ChessBase"]
[SourceQuality "1"]
[TimeControl "40/5400+30:1800+30"]

1. e4 e6 2. d4 d5 3. exd5 exd5 4. Bd3 Bd6 5. c3 Ne7 6. Ne2 O-O 7. O-O c6 8. Bf4 Bf5 9. Re1 Re8 10. Na3 Bxa3 11. bxa3 Bxd3 12. Qxd3 Ng6 13. Bg3 Nd7 14. Bd6 Nb6 15. Bb4 Nc4 16. Ng3 a5 17. Bc5 b6 18. Rxe8+ Qxe8 19. Bxb6 Nxb6 20. Rb1 Nc4 21. Kf1 Nf4 22. Qd1 Rb8 23. Rb3 Rxb3 24. axb3 Nxa3 25. Qc1 Nd3 26. Qd2 Nc2 27. Ne2 Nce1 28. f3 Qb8 29. Nc1 Nxc1 30. Qxc1 Nd3 31. Qe3 Nf4 32. c4 Ne6 33. g3 h6 34. Ke2 dxc4 35. bxc4 Qb2+ 36. Kd3 Qb3+ 37. Kd2 Qxe3+ 38. Kxe3 a4 39. Kd3 a3 40. Kc3 Nxd4 41. f4 c5 42. g4 0-1

[Event "AUT Bundesliga Women 2021-22"]
[Site "Austria"]
[Date "2022.04.23"]
[Round "9.5"]
[White "Mayrhuber, Nikola"]
[Black "Matnadze, Ana"]
[Result "0-1"]
[ECO "E01"]
[WhiteElo "2118"]
[BlackElo "2423"]
[Annotator "TA"]
[PlyCount "80"]
[EventDate "2021.11.06"]
[EventType "team-tourn"]
[EventCountry "AUT"]
[SourceTitle "playchess.com"]
[Source "ChessBase"]
[SourceQuality "1"]
[TimeControl "40/5400+30:1800+30"]

1. d4 {[%emt 0:00:02] Ribli,Z} Nf6 2. c4 e6 3. g3 d5 4. Bg2 Bb4+ 5. Bd2 Be7 6. Nf3 c6 7. Qc2 O-O 8. O-O b6 9. Bf4 Ba6 10. Nbd2 Nbd7 11. Rfd1 {[%emt 0:03:39] E11: Bogo-Indian.} Rc8 12. Rac1 Nh5 13. e4 (13. Be3 $11 {remains equal.}) 13... Nxf4 $17 14. gxf4 Nf6 {[%emt 0:10:05] [#]} 15. Ng5 $146 ({Predecessor:} 15. Ne5 Nh5 16. Qa4 Bxc4 17. Nxc6 b5 18. Qa6 Rxc6 19. Qxc6 Nxf4 20. Nxc4 bxc4 21. exd5 exd5 {0-1 (61) Radjabov,T (2624)-Topalov,V (2743) Wijk aan Zee 2003 CBM 093 [Ribli,Z]}) 15... h6 16. Nh3 Bb4 (16... dxe4 $17 17. Nxe4 Nxe4 18. Qxe4 Bf6) 17. b3 (17. e5 $1 $15 Nh5 18. f5) 17... Bxd2 (17... dxe4 {feels hotter.} 18. Nxe4 Be7 19. Kh1 Qc7) 18. Rxd2 Nxe4 19. Bxe4 dxe4 20. Qxe4 Rc7 21. Rc3 (21. f3 $15) 21... Rd7 22. Rg3 {[%emt 0:01:39] [#]} Qf6 $1 23. f3 Rfd8 24. Nf2 $1 h5 {[%emt 0:08:32][%cal Rd7d4] Prevents Ng4.} ({But not} 24... Rxd4 {[#]} 25. Ng4 $1 Qe7 26. Nxh6+ (26. Rxd4 Qc5 $17) 26... Kf8 27. Qh7 $11 (27. Rxd4 Qc5 $17)) 25. Qxc6 $2 {[%emt 0:03:45][%mdl 8192] Loses the game.} (25. Qe5 $15 Qxe5 26. fxe5) 25... Qxf4 26. Rd3 Rxd4 27. Rxd4 Qxd4 ({Weaker is} 27... Rxd4 28. Qa8+ Kh7 29. a4 $17 (29. Qf8 $2 g6 $19)) 28. Kg2 Qb2 29. Rg5 $2 (29. h4) 29... g6 $19 {[%emt 0:02:57] Hoping for ...Rd2.} 30. Qc7 Rd2 31. Qg3 Qd4 {[%emt 0:02:14] White must now prevent ...h4.} 32. h4 Bb7 33. a4 Rb2 34. a5 Bc6 35. axb6 axb6 36. Kf1 Rb1+ 37. Kg2 Rxb3 38. Kh2 Rxf3 {[%emt 0:01:06] Black mates.} 39. Rxg6+ fxg6 40. Qxg6+ Kf8 {[%emt 0:00:25] Weighted Error Value: White=0.99/Black=0.16 (very precise)} 0-1

[Event "AUT Bundesliga Women 2021-22"]
[Site "Austria"]
[Date "2022.04.23"]
[Round "9.6"]
[White "Injac, Teodora"]
[Black "Schloffer, Jasmin-Denise"]
[Result "1-0"]
[ECO "A05"]
[WhiteElo "2407"]
[BlackElo "2089"]
[Annotator "TA"]
[PlyCount "65"]
[EventDate "2021.11.06"]
[EventType "team-tourn"]
[EventCountry "AUT"]
[SourceTitle "playchess.com"]
[Source "ChessBase"]
[SourceQuality "1"]
[TimeControl "40/5400+30:1800+30"]

1. Nf3 Nf6 2. g3 e6 3. Bg2 d5 4. d4 Be7 5. O-O O-O 6. c4 dxc4 7. Qc2 a6 8. a4 Bd7 9. Qxc4 Bc6 10. Bg5 Bd5 11. Qc2 Be4 12. Qc1 Nc6 13. e3 {[%emt 0:07:43] E05: Open Catalan: 5 Nf3 Be7.} Nd5 14. Bxe7 Qxe7 15. Nbd2 {[%emt 0:13:27] White is slightly better.} Bxf3 16. Bxf3 Rfd8 17. Nb3 Ncb4 {[%emt 0:05:45] [#]} 18. a5 $146 ({Predecessor:} 18. e4 Nf6 19. Qc3 a5 20. Rfd1 b6 21. Rd2 Rac8 22. Bg2 h6 23. Rad1 Qe8 24. Ra1 {½-½ (35) Matviishen,V (2435)-Mosesov,D (2271) Vinnytsia 2018}) 18... b6 ({Black should play} 18... e5 $14) 19. e4 $16 Nf6 {[%emt 0:00:37] [#]} 20. Qc3 $1 Rac8 21. Ra4 c5 (21... bxa5 $16 22. Rxa5 (22. Nxa5 Rb8 $16) 22... Rb8) 22. axb6 $18 Qd7 23. Ra5 Nc6 24. Rxc5 Qb7 25. d5 Ne7 26. d6 Nc6 27. e5 {[%emt 0:01:12] Na5 is the strong threat.} Nd5 28. Bxd5 exd5 29. Rc1 Qxb6 30. Rxc6 Rxc6 31. Qc4 $4 Rc5 $4 32. Qxc5 Qxb3 {[%emt 0:00:37] [#]} 33. Qc7 {[%emt 0:00:22] Quite a comeback for White.  Weighted Error Value: White=0.36/Black=1.10} (33. Qc8 $142 $3 f6 (33... Qb6 34. Rc7) 34. Qxd8+ Kf7 35. d7 Kg6 36. Qc7 Qxb2 37. e6 Kh6 38. d8=Q) 1-0

[Event "AUT Bundesliga Women 2021-22"]
[Site "Austria"]
[Date "2022.04.23"]
[Round "9.7"]
[White "Wu, Min"]
[Black "Worek, Joanna"]
[Result "0-1"]
[ECO "B56"]
[WhiteElo "1952"]
[BlackElo "2277"]
[Annotator "TA"]
[PlyCount "66"]
[EventDate "2021.11.06"]
[EventType "team-tourn"]
[EventCountry "AUT"]
[SourceTitle "playchess.com"]
[Source "ChessBase"]
[SourceQuality "1"]
[TimeControl "40/5400+30:1800+30"]

1. e4 c5 2. Nf3 d6 3. d4 cxd4 4. Nxd4 Nf6 5. Nc3 Nc6 6. h4 {[%emt 0:00:29] B56: Classical Sicilian: Unusual Lines.} (6. Bb5 Bd7 7. O-O) 6... e5 7. Nb3 Be6 8. Bg5 {[%emt 0:02:01] [#] The position is equal.} a6 $146 (8... Be7 $11) ({Predecessor:} 8... Be7 9. Bxf6 Bxf6 10. g3 O-O 11. Qd2 a5 12. a4 Bxb3 13. cxb3 Nd4 14. Qd1 Be7 {1-0 (31) Sychev,K (2572)-Durarbayli,V (2606) Chess.com INT 2021}) 9. Qd2 $14 Rc8 10. g3 h6 11. Bxf6 Qxf6 {[%emt 0:00:02] [#]} 12. O-O-O $1 b5 13. Kb1 Qd8 14. Nd5 Be7 15. h5 (15. Bh3 $16) 15... O-O 16. f4 Bf6 17. Bh3 ({Much worse is} 17. Nxf6+ Qxf6 18. Nc1 (18. Qxd6 $2 Rfd8 $19) 18... Rfd8 $11) 17... Re8 18. Bxe6 Rxe6 (18... fxe6 $14 19. Nxf6+ Qxf6) 19. Rhe1 a5 20. Qe2 ({White should try} 20. Qd3 $16) 20... a4 $1 $11 21. Nd2 {[%emt 0:09:31] Pair of Knights!} (21. Nc1 $5 ) 21... Nd4 22. Qd3 {[%emt 0:01:54] [#] Black must now prevent f5.} Nxc2 23. Rf1 Nd4 $1 24. Nf3 Nxf3 25. Qxf3 exf4 26. gxf4 a3 (26... b4 $15 {might be stronger.}) 27. e5 (27. Qxa3 $5 Rxe4 28. Qd3 $11) 27... dxe5 28. fxe5 Rxe5 {[%emt 0:00:38] ...axb2 is the strong threat.} 29. Nxf6+ (29. bxa3 $15 Kh8 30. Qh3) 29... Qxf6 $17 30. Qb7 $2 {[%emt 0:00:41] Loses the game.} (30. Qxf6 $17 {is a better defense.} gxf6 31. Rxf6) 30... Qe6 $19 31. Rxf7 Qxf7 {[%emt 0:00:31] Dancing on a razor blade.} 32. Qxc8+ Kh7 {[%emt 0:00:28] Hoping for ...Re2.} 33. bxa3 $2 (33. Qc2+ Qf5 34. Qxf5+ Rxf5 35. Rh1) 33... Qxh5 {[%emt 0:00:13] Weighted Error Value: White=0.38/Black=0.13 (very precise)} ({But not} 33... Re2 $2 34. Qc3 Qxh5 35. Rg1 Qf5+ 36. Kc1 $19) 0-1

[Event "AUT Bundesliga Women 2021-22"]
[Site "Austria"]
[Date "2022.04.23"]
[Round "9.8"]
[White "Theissl-Pokorna, Regina"]
[Black "Roeck, Vanessa"]
[Result "1-0"]
[ECO "B02"]
[WhiteElo "2298"]
[BlackElo "1618"]
[Annotator "TA"]
[PlyCount "55"]
[EventDate "2021.11.06"]
[EventType "team-tourn"]
[EventCountry "AUT"]
[SourceTitle "playchess.com"]
[Source "ChessBase"]
[SourceQuality "1"]
[TimeControl "40/5400+30:1800+30"]

1. e4 Nf6 2. Nc3 d5 3. exd5 Nxd5 4. Bc4 Be6 5. Bb3 g6 6. Nf3 {[%emt 0:00:32] B02: Alekhine's Defence: Chase Variation and lines with early Nc3.} Bg7 7. O-O O-O {[%emt 0:02:04] [#]} 8. Ne4 $146 {[%emt 0:07:14] White is slightly better.} ({Predecessor:} 8. Re1 c6 9. Ne4 Nc7 10. d4 Bxb3 11. axb3 Nd7 12. c3 a6 13. b4 Nd5 14. Bd2 {1-0 (39) Jackson,E-Noteboom,D Scarborough/ North Yorkshire 1930}) 8... Nc6 9. d4 Bg4 10. c3 b5 {[%emt 0:19:07] [#]} (10... Na5 $14) 11. h3 $1 $16 Bxf3 12. Qxf3 ({Of course not} 12. gxf3 $6 Na5 $11) 12... e6 13. Re1 b4 (13... Na5 $16) 14. Bg5 $18 f6 $2 (14... Qc8 {keeps fighting.} 15. Rac1 Rb8 16. Bxd5 exd5) 15. Bd2 {[%emt 0:00:14] [#] Nc5 is the strong threat. This bishop pair is nice.} bxc3 16. bxc3 {[%emt 0:00:09] And now Nc5 would win.} Na5 17. Nc5 Nxb3 18. axb3 Re8 19. Rxe6 Rxe6 20. Nxe6 Qd7 21. Nxg7 Kxg7 22. c4 Nb6 23. d5 Qd6 (23... Re8 $142 24. Bc3 Rf8 25. Rxa7 Qd8) 24. Re1 {[%emt 0:03:21][%cal Ba1e1,Be1e6,Be6e8][%mdl 32] Hoping for Re6.} Rf8 25. Re6 Qd8 26. Qe3 {[%emt 0:02:41] aiming for Re7+.} Rf7 {[%emt 0:00:51] Prevents Re7.} (26... Nc8 $142 27. Bc3 Rf7) 27. Re8 Qd7 28. Qh6# {[%emt 0:00:46] Weighted Error Value: White=0.08 (flawless) /Black=0.61} 1-0